 Dungeon Crawl Stone Soup version 0.29.0-5-ge4962eb29e (webtiles) character file.

Game seed: 6201046913532615666

908 nickcage the Cleaver (level 8, -2/75 HPs)
             Began as an Ogre Gladiator on Aug 29, 2022.
             Slain by an orc
             ... wielding a +0 trident
              (3 damage)
             ... on level 6 of the Dungeon.
             The game lasted 00:08:48 (6752 turns).

nickcage the Cleaver (Ogre Gladiator)               Turns: 6752, Time: 00:08:50

Health: -2/75      AC:  1    Str: 21    XL:     8   Next: 8%
Magic:  8/8        EV: 10    Int:  9    God:
Gold:   217        SH:  5    Dex: 10    Spells: 7/7 levels left

rFire   . . .      SeeInvis .   a - +0 war axe
rCold   . . .      Faith    .   (no shield)
rNeg    + . .      Spirit   .   b - +0 robe
rPois   .          Reflect  +   c - +0 hat
rElec   .          Harm     .   y - +1 cloak
rCorr   .          Rampage  .   (gloves unavailable)
Will    .....                   (boots unavailable)
Stlth   +.........              p - amulet of reflection
HPRegen 0.22/turn               o - ring of positive energy
MPRegen 0.11/turn               (no ring)

@: corroded
A: large, unfitting armour, tough skin 1
a: no special abilities


You were on level 6 of the Dungeon.
You visited 1 branch of the dungeon, and saw 6 of its levels.

You collected 217 gold pieces.

Inventory:

Hand Weapons
 a - a +0 war axe (weapon)
 h - a +1 whip of holy wrath
Missiles
 d - 3 throwing nets
 e - a large rock
 t - 10 poisoned darts (quivered)
Armour
 b - a +0 robe (worn)
 c - a +0 hat (worn)
 l - a +0 cloak
 y - a +1 cloak (worn)
Jewellery
 o - a ring of positive energy (left hand)
 p - an amulet of reflection (around neck)
Wands
 v - a wand of paralysis (8)
 C - a wand of roots (14)
Scrolls
 f - 4 scrolls of teleportation {unknown}
 k - 3 scrolls of brand weapon {unknown}
 r - 2 scrolls of amnesia {unknown}
 s - 2 scrolls of identify {unknown}
 u - 2 scrolls of noise {unknown}
 w - a scroll of enchant weapon {unknown}
 x - 2 scrolls of blinking {unknown}
 A - a scroll of magic mapping {unknown}
Potions
 g - a potion of cancellation
 i - a potion of curing
 j - a potion of invisibility {unknown}
 m - a potion of haste {unknown}
 n - 2 potions of heal wounds {unknown}
 q - 2 potions of flight
 z - a potion of mutation {unknown}
 B - 2 potions of brilliance {unknown}


   Skills:
 - Level 3.3 Fighting
 + Level 9.0 Axes
 - Level 2.1 Throwing
 - Level 3.4 Dodging
 - Level 0.1 Shields


You had 7 spell levels left.
You didn't know any spells.
Your spell library contained the following spells:

 Spells                   Type           Power      Damage    Failure   Level
 Sandblast                Erth           0%         2d4       38%         1
 Passwall                 Tmut/Erth      0%         N/A       52%         2
 Sublimation of Blood     Necr           0%         N/A       52%         2
 Wereblood                Tmut           0%         N/A       52%         2
 Call Canine Familiar     Summ           0%         N/A       77%         3
 Gell's Gravitas          Tloc           0%         N/A       77%         3
 Lesser Beckoning         Tloc           0%         N/A       77%         3
 Portal Projectile        Hex/Tloc       0%         N/A       77%         3
 Stone Arrow              Conj/Erth      0%         3d7       77%         3
 Teleport Other           Tloc           0%         N/A       77%         3
 Tukima's Dance           Hex            0%         N/A       77%         3
 Animate Armour           Summ/Erth      0%         N/A       99%         4
 Leda's Liquefaction      Hex/Erth       0%         N/A       99%         4
 Blade Hands              Tmut           0%         N/A       100%        5
 Dispersal                Tloc           0%         N/A       100%        6
 Summon Hydra             Summ           0%         N/A       100%        7
 Lehudib's Crystal Spear  Conj/Erth      0%         10d2      100%        8


Dungeon Overview and Level Annotations

Branches:
Dungeon (6/15)
 Temple: D:4-7

Altars:
Kikubaaqudgha
Trog
Vehumet
Xom


Innate Abilities, Weirdness & Mutations

You are too large for most types of armour.
You have tough skin. (AC +1)


Message History

You block the orc's attack.
The orc wizard hits you with a +0 dagger.
* * * LOW HITPOINT WARNING * * *
You closely miss the orc wizard.
The orc wizard is lightly wounded.
You block the orc's attack.
The orc wizard hits you with a +0 dagger.
* * * LOW HITPOINT WARNING * * *
You hit the orc wizard.
The orc wizard is heavily wounded.
You block the orc's attack.
The orc wizard casts a spell.
The orc wizard flickers and vanishes!
Deactivating autopickup; reactivate with Ctrl-A.
You miss something. The orc barely misses you. Something hits you.
* * * LOW HITPOINT WARNING * * *
You slash something!
Reactivating autopickup.
You feel a bit more experienced.
The orc hits you from afar with a +0 trident!
* * * LOW HITPOINT WARNING * * *
Your Axes skill increases to level 9!
You hit the orc but do no damage. The orc hits you with a +0 hand axe.
* * * LOW HITPOINT WARNING * * *
The orc barely misses you.
You hit the orc but do no damage. The orc hits you with a +0 hand axe.
* * * LOW HITPOINT WARNING * * *
The orc hits you from afar with a +0 trident.
* * * LOW HITPOINT WARNING * * *
You slash the orc!
You kill the orc!
You block the orc's attack.
Unknown command.
You block the orc's attack.
Items here: ))) [[[ †.
You barely miss the orc. You block the orc's attack.
You hit the orc.
The orc is almost dead.
The orc hits you with a +0 trident.
You die...

.......#.#.#.#..# ...
..#.##.#.#.# #..# .... ..
# ##.#.#.#.#..#.#..#
.#+#.
.#..#.#.#.#..#.#..##.#.#.
......#.#.#..#.#..##.#...
......... ..........#...
........ #.#...........
##..#.#o####.###..#..##..
...(...?@................
##.(#.#)########.......##
# #.# ####...... #.#
##..... #.# #..... #..
#...## #.. #...# #.#
#+###


You could see an orc.

Vanquished Creatures
  Prince Ribbit (D:6)
  An ice beast (D:5)
  A black bear (D:5)
  A scorpion (D:5)
  3 hounds
  A jelly (D:6)
  An orc priest (D:6)
  Crazy Yiuf (D:3)
  2 iguanas (D:5)
  3 orc wizards
  7 adders
  An ufetubus (D:6)
  5 worms
  2 dart slugs (D:2)
  5 orcs
  6 ball pythons
  7 bats
  7 endoplasms
  A giant cockroach (D:3)
  7 goblins
  3 hobgoblins
  4 jackals (D:2)
  5 kobolds
  2 quokkas
  5 frilled lizards
  8 rats
90 creatures vanquished.

Notes
Turn   | Place    | Note
-------+----------+-------------------------------------------
     0 | D:1      | nickcage the Ogre Gladiator began the quest for the Orb.
     0 | D:1      | Reached XP level 1. HP: 22/22 MP: 1/1
   124 | D:1      | Reached XP level 2. HP: 23/29 MP: 2/2
   951 | D:1      | Found a faded altar of an unknown god.
  1234 | D:2      | Reached XP level 3. HP: 36/37 MP: 3/3
  1320 | D:2      | Found a bloodstained altar of Trog.
  1987 | D:2      | Reached XP level 4. HP: 40/45 MP: 4/4
  2352 | D:3      | Reached skill level 4 in Axes
  2479 | D:3      | Found a shimmering altar of Xom.
  2642 | D:3      | Found a runed translucent door.
  2643 | D:3      | Noticed Crazy Yiuf
  2653 | D:3      | Killed Crazy Yiuf
  2654 | D:3      | Reached XP level 5. HP: 4/53 MP: 5/5
  2995 | D:3      | Found an ancient bone altar of Kikubaaqudgha.
  3610 | D:4      | Reached skill level 5 in Axes
  4495 | D:5      | Entered Level 5 of the Dungeon
  4514 | D:5      | Reached XP level 6. HP: 10/61 MP: 6/6
  4803 | D:5      | Noticed an ice beast
  4813 | D:5      | Killed an ice beast
  4814 | D:5      | Reached skill level 6 in Axes
  5048 | D:5      | Noticed a black bear
  5056 | D:5      | Killed a black bear
  5152 | D:5      | Reached skill level 7 in Axes
  5152 | D:5      | Reached XP level 7. HP: 43/67 MP: 7/7
  5537 | D:5      | Found a radiant altar of Vehumet.
  6460 | D:6      | Noticed Prince Ribbit
  6477 | D:6      | Killed Prince Ribbit
  6478 | D:6      | Reached skill level 8 in Axes
  6739 | D:6      | Reached XP level 8. HP: 50/75 MP: 8/8
  6747 | D:6      | Reached skill level 9 in Axes
  6748 | D:6      | HP: 1/75 [orc/+0 trident (6)]
  6752 | D:6      | Slain by an orc

Illustrated notes

Levels and vault maps discovered:
D:1:      dpeg_arrival_shrine, layout_loops_ring, basic_ecumenical_altar,
          kennysheep_pointless_box, minmay_pentomino_z4
D:2:      layout_basic, basic_altar, kennysheep_cross_room
D:3:      layout_loops_ring, nicolae_kikubaaqudgha_miasma_corner,
          mainiacjoe_overflow_boulevard, uniq_crazy_yiuf_cottage
D:4:      layout_basic, kennysheep_generic_room_12
D:5:      layout_layer_cave, mainiacjoe_overflow_alcove_1
D:6:      layout_basic, chequers_temple_overflow_statue_of_worship,
          minmay_small_thing, uniq_duvessa, uniq_prince_ribbit1, uniq_pikel

Skill      XL: |  1  2  3  4  5  6  7  8 |
---------------+-------------------------+-----
Dodging        | 3 |  3.4
Fighting       | 3 |  3.3
Axes           | 4 5 7 8 9 |  9.0
Throwing       | |  2.1
Shields        | |  0.1

Action                   |  1- 3 |  4- 6 |  7- 9 || total
-------------------------+-------+-------+-------++-------
Melee: War axe           |   127 |   138 |    73 ||   338
Throw: Dart              |       |     5 |    13 ||    18
  Use: Potion            |       |     3 |       ||     3
 Stab: Sleeping          |       |     1 |       ||     1
Armor: Robe              |    61 |    33 |    18 ||   112
Dodge: Dodged            |    90 |    53 |    41 ||   184
Block: Other             |    12 |    28 |    25 ||    65
       Reflection        |       |     4 |     1 ||     5
